 Dungeon Crawl Stone Soup version 0.23.2 (webtiles) character file.

Game seed: 3315366750648292191

247351 Borgoz the Tortoise (level 19, 0/117 HPs)
             Began as a Gargoyle Monk on Apr 5, 2019.
             Was the Champion of Ashenzari.
             Splashed by an acid blob's acid (4 damage)
             ... on level 2 of the Pits of Slime on Apr 6, 2019.
             The game lasted 02:03:11 (38095 turns).

Borgoz the Tortoise (Gargoyle Monk)                Turns: 38095, Time: 02:03:12

Health: 0/117      AC: 43    Str: 20      XL:     19   Next: 53%
Magic:  13/31      EV: 27    Int:  6 (7)  God:    Ashenzari [******]
Gold:   1991       SH:  0    Dex: 20 (21) Spells: 16/34 levels left

rFire    + + +     SeeInvis +   b - +12 dagger "Saututs" {drain, rF+} (curse)
rCold    x . .     Gourm    .   J - +2 buckler of Nyzirr {*Contam rPois rN+++ rCorr} (curse)
rNeg     + + +     Faith    .   o - quicksilver dragon scales (curse)
rPois    ∞         Spirit   .   i - +2 helmet (curse)
rElec    +         Reflect  .   (no cloak)
rCorr    +         Harm     .   f - +2 pair of gloves {Dex+3} (curse)
MR       +++..     Clarity  +   l - +3 pair of boots of Tucaoh {rPois rF+ Regen+ Str-2} (curse) Stlth +.........Rnd*Tele +
                                g - amulet of rage (curse)
HPRegen  0.69/turn              k - +3 ring of evasion
MPRegen  0.22/turn              R - ring "Xeng" {*Tele rF++ rC- rN+ MR+}

@: confused, mighty, flying, very slightly contaminated, invisible
A: big wings, berserk 1, blurry vision 1, deterioration 1, dopey 2, negative
energy resistance 1, electricity resistance, unbreathing, petrification
resistance, rot immunity, AC +14
}: 2/15 runes: decaying, gossamer
a: Stop Flying, Curse Item, Scrying, Transfer Knowledge, Renounce Religion,
Evoke Berserk Rage


You were on level 2 of the Pits of Slime.
You worshipped Ashenzari.
Ashenzari was exalted by your worship.
You were not hungry.

You visited 8 branches of the dungeon, and saw 36 of its levels.
You also visited: Ice Cave.

You collected 4141 gold pieces.
You spent 2150 gold pieces at shops.

Inventory:

Hand Weapons
 a - a +5 quick blade of venom
 b - the cursed +12 dagger "Saututs" (weapon) {drain, rF+}
   (You took it off a big kobold on level 6 of the Dungeon)

   A truly terrible weapon, it drains the life of those it strikes.
   It protects you from fire.
   It has a curse placed upon it.
Missiles
 w - 2 throwing nets (quivered)
 y - 19 tomahawks
Armour
 d - the cursed +0 leather armour "Ysyoveih" {rElec rC+ rN++ Str-2}
   (You found it on level 1 of the Lair of Beasts)

   It affects your strength (-2).
   It protects you from cold.
   It insulates you from electricity.
   It greatly protects you from negative energy.
   It has a curse placed upon it.
 f - a cursed +2 pair of gloves of dexterity (worn)
 i - a cursed +2 helmet (worn)
 l - the cursed +3 pair of boots of Tucaoh (worn) {rPois rF+ Regen+ Str-2}
   (You bought it in a shop on level 12 of the Dungeon)

   It affects your strength (-2).
   It protects you from fire.
   It protects you from poison.
   It increases your rate of regeneration.
   It has a curse placed upon it.
 o - cursed quicksilver dragon scales (worn)
 J - the cursed +2 buckler of Nyzirr (worn) {*Contam rPois rN+++ rCorr}
   (You bought it in a shop on level 12 of the Dungeon)

   It protects you from poison.
   It renders you almost immune to negative energy.
   It causes magical contamination when unequipped.
   It provides partial protection from all sources of acid and corrosion.
   It has a curse placed upon it.
Jewellery
 g - a cursed amulet of rage (around neck)
 k - a +3 ring of evasion (left hand)
 s - a +2 ring of strength
 R - the ring "Xeng" (right hand) {*Tele rF++ rC- rN+ MR+}
   (You found it on level 15 of the Dungeon)

   [ring of teleportation]

   It may teleport you next to monsters.
   It greatly protects you from fire.
   It makes you vulnerable to cold.
   It protects you from negative energy.
   It affects your resistance to hostile enchantments.
Wands
 p - a wand of iceblast (28)
 t - a wand of disintegration (10)
 v - a wand of clouds (6)
 x - a wand of digging (4)
 B - a wand of flame (12)
 D - a wand of polymorph (9)
 E - a wand of enslavement (9)
 L - a wand of acid (15)
Scrolls
 e - 8 scrolls of remove curse
 j - 8 scrolls of magic mapping
 m - 11 scrolls of teleportation
 n - 2 scrolls of fear
 q - 5 scrolls of fog
 C - a scroll of silence
Potions
 h - a potion of agility
 r - 5 potions of haste
 u - 4 potions of brilliance
 z - a potion of might
 G - 2 potions of resistance
 H - a potion of heal wounds
 N - a potion of invisibility
 Q - 2 potions of curing
 S - 4 potions of ambrosia
Comestibles
 c - 51 rations


   Skills:
 + Level 12.4 Fighting
 + Level 13.3(17.4) Short Blades
 - Level 1.6 Throwing
 * Level 16.3(18.8) Armour
 * Level 13.4(16.0) Dodging
 - Level 10.0 Stealth
 + Level 9.4(12.2) Shields
 + Level 8.3 Spellcasting
 + Level 9.7 Hexes
 - Level 10.0 Evocations


You had 16 spell levels left.
You knew the following spells:

 Your Spells              Type           Power        Failure   Level  Hunger
a - Confusing Touch       Hex            ##....       1%          1    None
b - Regeneration          Chrm/Necr      #.........   65%         3    ###....
c - Necromutation         Tmut/Necr      #.........   100%        8    #######
d - Invisibility          Hex            ##......     63%         6    #######

Your spell library contained the following spells:

 Spells                   Type           Power        Failure   Level  Hunger
 Tukima's Dance           Hex            ##......     1%          3    ###....
 Dazzling Spray           Conj/Hex       #.....       12%         3    ###....
 Inner Flame              Hex/Fire       #.......     12%         3    ###....
 Summon Guardian Golem    Hex/Summ       #.......     12%         3    ###....
 Animate Skeleton         Necr           N/A          28%         1    None
 Apportation              Tloc           #.....       28%         1    None
 Flame Tongue             Conj/Fire      #....        28%         1    None
 Freeze                   Ice            #...         28%         1    None
 Magic Dart               Conj           #...         28%         1    None
 Pain                     Necr           #...         28%         1    None
 Summon Butterflies       Summ           #.......     28%         1    None
 Summon Small Mammal      Summ           #...         28%         1    None
 Fulminant Prism          Conj/Hex       #.........   36%         4    ####...
 Call Imp                 Summ           #.......     41%         2    ##.....
 Searing Ray              Conj           #.....       41%         2    ##.....
 Throw Flame              Conj/Fire      #.....       41%         2    ##.....
 Throw Frost              Conj/Ice       #.....       41%         2    ##.....
 Call Canine Familiar     Summ           #.......     65%         3    ###....
 Conjure Flame            Conj/Fire      #.......     65%         3    ###....
 Lesser Beckoning         Tloc           #.........   65%         3    ###....
 Vampiric Draining        Necr           #.........   65%         3    ###....
 Metabolic Englaciation   Hex/Ice        #.........   73%         5    ######.
 Animate Dead             Necr           N/A          96%         4    ####...
 Force Lance              Conj/Tloc      #.......     96%         4    ####...
 Iskenderun's Mystic Bla  Conj           #.......     96%         4    ####...
 Sticky Flame             Conj/Fire      #.......     96%         4    ####...
 Summon Ice Beast         Ice/Summ       #.......     96%         4    ####...
 Summon Lightning Spire   Summ/Air       #.......     96%         4    ####...
 Alistair's Intoxication  Tmut/Pois      #.......     100%        5    ######.
 Fireball                 Conj/Fire      #.........   100%        5    ######.
 Ozocubu's Refrigeration  Ice            #.........   100%        6    #######
 Simulacrum               Ice/Necr       #.........   100%        6    #######
 Haunt                    Necr/Summ      #.........   100%        7    #######
 Borgnjor's Revivificati  Necr           #.........   100%        8    #######
 Death's Door             Chrm/Necr      #.........   100%        8    #######
 Infestation              Necr           #.........   100%        8    #######


Dungeon Overview and Level Annotations

Branches:
Dungeon (15/15)            Temple (1/1) D:7            Lair (6/6) D:11
  Swamp (4/4) Lair:4       Spider (4/4) Lair:3        Slime (3/5) Lair:6
    Orc (2/2) D:10            Elf (1/3) Orc:2        Vaults (0/5) D:14
 Depths (0/5) D:15

Altars:
Ashenzari
Cheibriados
Dithmenos
Elyvilon
Fedhas
Gozag
Hepliaklqana
Kikubaaqudgha
Makhleb
Nemelex Xobeh
Okawaru
Qazlal
Ru
Sif Muna
Trog
Uskayaw
Vehumet
Wu Jian
Xom
Yredelemnul
Zin
The Shining One
Jiyva

Shops:
D:4 (   D:5 }(   D:6 [   D:12 [   Orc:1 (   Orc:2 [}((

Annotations:
Swamp:4 Lernaean hydra
Orc:1 2 runed translucent doors, exclusion: orange crystal statue


Innate Abilities, Weirdness & Mutations

You are resistant to torment.
Your stone body is resilient. (AC +14)
You are immune to poison.
Your large and strong wings let you fly indefinitely.
You resist negative energy. (rN+)
You are resistant to electric shocks. (rElec)
You can survive without breathing.
You are immune to petrification.
You are immune to rotting.
You tend to lose your temper in combat.
Scrolls take you a little longer to read.
Your body sometimes deteriorates upon taking damage.
You are very dopey. (Int -4)


Message History

The splash of acid hits you but does no damage.
You are splashed with acid.
You resist.
* * * LOW HITPOINT WARNING * * *
A very large slime creature splits.
A large slime creature splits.
A very large slime creature splits.
The slime creature closely misses you.
The slime creature hits you but does no damage.
You puncture the slime creature! You drain the slime creature!
The slime creature is heavily wounded.
The slime creature quivers.
The golden eye blinks!
The slime creature hits you but does no damage.
The golden eye blinks at you. You resist with almost no effort.
The slime creature quivers.
You puncture the slime creature!
The slime creature is lightly wounded.
The acid blob hits you!!
* * * LOW HITPOINT WARNING * * *
You are splashed with acid.
You resist.
You die...

* ** ** * * , * *,*
* ,,,,* * , * *,, *
, ### *.#* , , , *
##.####..## , , ,
,* #.........#* , ,
, , **##J@G....# *
*,, #.JGJJJ...... *
,,
,,....JJJJJ##....**
* , ,,,......JGGJ
#.#* , ,,,,
........... *# , *
...§...#.... * ,
**** .............
* , *
*.#.....,...... * *
*,,,, , , *


You could see an acid blob, an enormous slime creature, 2 large slime creatures,
8 slime creatures, 2 eyes of draining and 2 golden eyes.

Vanquished Creatures
  Arachne (Spider:3)
  Jorgrun (Spider:2)
  5 acid blobs
  A tengu reaver (D:12)
  Kirke (Swamp:1)
  2 thorn hunters (Swamp:2)
  Roxanne (Swamp:1)
  Donald (Spider:3)
  4 azure jellies
  A frost giant (IceCv)
  6 ghost moths
  Aizul (Swamp:2)
  7 emperor scorpions (Spider:4)
  An entropy weaver (Spider:1)
  Azrael (Spider:3)
  A dire elephant (D:15)
  A deep elf demonologist (Orc:2)
  2 spark wasps
  A fire dragon (Lair:6)
  2 vault guards (D:14)
  A ghost crab (Swamp:3)
  23 hydras
  4 shambling mangroves
  4 ogre magi (Orc:2)
  A death knight (D:15)
  A death yak (Lair:5)
  3 centaur warriors
  11 alligators
  16 two-headed ogres
  2 tengu warriors
  4 dancing weapons
  2 orc high priests
  The ghost of markt42 the Basher, a novice GrFi of Okawaru (D:7)
  3 skeletal warriors (D:15)
  A deep elf knight (Elf:1)
  A fire crab (Lair:5)
  The ghost of dscm the Geomancer, a novice OpEE of Uskayaw (D:6)
  A wizard (D:14)
  3 unseen horrors
  4 orc knights
  10 swamp dragons
  14 wolf spiders
  A wolf spider zombie (D:14)
  18 ugly things
  3 orc sorcerers
  6 cyclopes
  5 oklob plants
  2 moths of wrath
  15 orb spiders
  4 deep elf magi (Elf:1)
  3 shining eyes
  80 slime creatures
  A salamander (D:15)
  2 manticores (D:15)
  13 elephants
  7 black mambas
  An ice statue (IceCv)
  22 spiny frogs
  4 rime drakes
  2 efreet
  A redback zombie (D:15)
  8 demonic crawlers
  11 komodo dragons
  A freezing wraith (D:15)
  2 kobold demonologists
  2 ice devils (D:15)
  2 tengu conjurers
  6 tyrant leeches
  19 jumping spiders
  9 trolls
  8 hornets
  A hornet (shapeshifter) (D:13)
  29 polar bears
  16 bog bodies
  12 hippogriffs
  2 raiju (Lair:6)
  18 blink frogs
  12 dream sheep (Lair:6)
  A hippogriff (shapeshifter) (D:15)
  34 redbacks
  4 shadows
  An air elemental (Elf:1)
  2 spriggans
  2 water elementals (D:11)
  2 fire elementals
  14 tarantellas
  4 wraiths
  37 yaks
  13 golden eyes
  A wyvern (Lair:2)
  10 humans
  A steam dragon (Lair:6)
  A basilisk (Lair:6)
  4 hungry ghosts
  7 vampire mosquitoes
  5 hogs
  8 wargs
  20 swamp worms
  3 insubstantial wisps (Swamp:1)
  An acid dragon (D:15)
  16 water moccasins
  7 porcupines
  17 hell hounds
  18 swamp drakes
  21 orc warriors
  3 sky beasts
  An ice beast (D:12)
  13 black bears
  An eye of draining (Slime:1)
  35 ogres
  4 phantoms
  2 necrophages
  27 wolves
  10 centaurs
  14 crocodiles
  9 big kobolds
  27 bullfrogs
  3 gnoll sergeants
  An earth elemental (Elf:1)
  A wyvern skeleton (D:11)
  3 scorpions
  10 killer bees
  An oklob sapling (Swamp:2)
  28 wights
  2 howler monkeys
  8 electric eels
  7 crimson imps
  2 quasits
  19 jellies
  9 hounds
  3 bullfrog skeletons
  6 orc priests
  15 orc wizards
  5 centaur skeletons
  4 iguanas
  Jessica (D:2)
  Natasha (twice) (D:3)
  9 worker ants
  A worker ant zombie (D:5)
  22 gnolls
  8 adders
  3 shadow imps
  4 oozes
  4 adder skeletons
  2 adder zombies
  3 worms
  11 leopard geckos
  44 orcs
  14 giant cockroaches
  12 goblins
  10 hobgoblins
  13 jackals
  7 kobolds
  5 quokkas
  2 bats
  5 frilled lizards
  A quokka skeleton (D:6)
  A quokka zombie (D:10)
  8 rats
  A fungus (Swamp:2)
  A plant (Lair:1)
1221 creatures vanquished.

Vanquished Creatures (others)
  A spriggan druid (Swamp:4)
  An elephant (Lair:4)
  A jumping spider (Spider:1)
  A hornet (Swamp:4)
  A slime creature (Swamp:4)
  A raiju (Lair:6)
  A redback (Spider:2)
  A spriggan (Swamp:4)
  A human (D:14)
  An insubstantial wisp (Swamp:1)
  A floating eye (Slime:3)
  A swamp drake (Lair:6)
  2 briar patches (Swamp:2)
  8 fungi
  11 plants
33 creatures vanquished.

Grand Total: 1254 creatures vanquished

Notes
Turn   | Place    | Note
-------+----------+-------------------------------------------
     0 | D:1      | Borgoz the Gargoyle Monk began the quest for the Orb.
     0 | D:1      | Reached XP level 1. HP: 14/14 MP: 1/1
   137 | D:1      | Reached XP level 2. HP: 14/19 MP: 2/2
   414 | D:1      | Reached skill level 1 in Armour
   468 | D:1      | Reached XP level 3. HP: 19/23 MP: 3/3
  1213 | D:2      | Reached XP level 4. HP: 16/28 MP: 5/5
  1455 | D:3      | HP: 1/28 [gnoll/+0 flail (2)]
  1861 | D:3      | Reached skill level 2 in Armour
  1970 | D:3      | Reached skill level 1 in Spellcasting
  2108 | D:3      | Reached XP level 5. HP: 33/33 MP: 6/6
  2188 | D:2      | Noticed Jessica
  2199 | D:2      | Killed Jessica
  2960 | D:3      | Found a shadowy altar of Dithmenos.
  2986 | D:3      | Noticed Natasha
  3004 | D:3      | Killed Natasha
  3004 | D:3      | Reached XP level 6. HP: 37/38 MP: 6/8
  3070 | D:3      | Noticed Natasha
  3085 | D:3      | You fall through a shaft!
  3089 | D:4      | Found Mojurgh's Antique Weapon Shop.
  3660 | D:4      | Reached skill level 3 in Armour
  3948 | D:4      | Reached XP level 7. HP: 31/43 MP: 9/9
  4107 | D:4      | Found an opulent altar of Gozag.
  4480 | D:4      | Bought a runed rapier for 210 gold pieces
  4506 | D:5      | Entered Level 5 of the Dungeon
  4930 | D:5      | Found a white marble altar of Elyvilon.
  5030 | D:5      | Found Yshrolat's Weapon Emporium.
  5051 | D:5      | Bought 2 throwing nets for 72 gold pieces
  5058 | D:5      | Found Yteatsie's Gadget Emporium.
  5316 | D:5      | Found a hazy altar of Hepliaklqana.
  5512 | D:5      | Found a basalt altar of Yredelemnul.
  5665 | D:6      | Reached skill level 4 in Armour
  5693 | D:6      | Found Exkeufun's Armour Shoppe.
  5843 | D:6      | Reached XP level 8. HP: 47/48 MP: 11/11
  6136 | D:6      | Found a runed translucent gate.
  6136 | D:6      | Found a runed translucent gate.
  6136 | D:6      | Found a runed translucent gate.
  6137 | D:6      | Noticed dscm's ghost (novice OpEE)
  6138 | D:6      | Noticed a kobold demonologist
  6139 | D:6      | Identified the +12 dagger "Saututs" {drain, rF+}
  6191 | D:6      | Reached skill level 1 in Evocations
  6731 | D:3      | Found a deep blue altar of Sif Muna.
  6980 | D:3      | Killed Natasha
  7427 | D:7      | Reached skill level 5 in Short Blades
  7651 | D:7      | Found a staircase to the Ecumenical Temple.
  7652 | D:7      | Noticed a hippogriff
  7671 | D:7      | Killed a hippogriff
  7671 | D:7      | Reached skill level 5 in Fighting
  7671 | D:7      | Reached skill level 5 in Armour
  7684 | D:7      | Reached XP level 9. HP: 26/54 MP: 12/12
  7875 | D:7      | Reached skill level 5 in Dodging
  7889 | D:7      | Reached skill level 5 in Stealth
  7894 | Temple   | Entered the Ecumenical Temple
  7897 | D:7      | Found a snail-covered altar of Cheibriados.
  7946 | D:7      | Found a transporter.
  7975 | D:7      | Noticed markt42's ghost (novice GrFi)
  7981 | D:7      | Noticed a moth of wrath
  7995 | D:7      | Found a bloodstained altar of Trog.
  8032 | D:7      | Found a transporter.
  8211 | D:7      | Found a sparkling altar of Nemelex Xobeh.
  8269 | D:7      | Reached skill level 6 in Armour
  8604 | D:7      | Found a stormy altar of Qazlal.
  8703 | D:8      | Identified a scroll of acquirement
  8786 | D:8      | Learned a level 1 spell: Confusing Touch
  9049 | D:8      | Found a radiant altar of Vehumet.
  9070 | D:8      | Reached skill level 1 in Hexes
  9146 | D:8      | Learned a level 3 spell: Regeneration
  9158 | D:8      | Found a burning altar of Makhleb.
  9191 | D:8      | Reached XP level 10. HP: 52/59 MP: 13/13
  9363 | D:10     | Entered Level 10 of the Dungeon
  9584 | D:10     | Reached skill level 7 in Armour
 10328 | D:9      | Reached skill level 5 in Evocations
 10441 | D:9      | Found a shattered altar of Ashenzari.
 10712 | D:9      | Became a worshipper of Ashenzari the Shackled
 10712 | D:9      | Reached * piety under Ashenzari
 10712 | D:9      | Reached ** piety under Ashenzari
 11104 | D:10     | Reached XP level 11. HP: 64/64 MP: 16/16
 11203 | D:10     | Found a staircase to the Orcish Mines.
 11438 | D:10     | Noticed a two-headed ogre
 11448 | D:10     | Killed a two-headed ogre
 11448 | D:10     | Reached skill level 8 in Armour
 11809 | D:11     | Found a staircase to the Lair.
 12485 | D:11     | Noticed a cyclops
 12498 | D:11     | Killed a cyclops
 12539 | D:11     | Noticed a cyan ugly thing
 12561 | D:11     | Killed a cyan ugly thing
 12653 | D:11     | Noticed a brown ugly thing
 12668 | D:11     | Killed a brown ugly thing
 12809 | Lair:1   | Entered Level 1 of the Lair of Beasts
 13381 | D:11     | Identified the Grimoire of Snow
 13538 | D:11     | Noticed a red ugly thing
 13547 | D:11     | Killed a red ugly thing
 13747 | D:12     | Noticed a two-headed ogre
 13773 | D:12     | Killed a two-headed ogre
 13836 | D:12     | Found Putsozepn's Antique Armour Shop.
 13839 | D:12     | Bought a pair of scorched boots for 323 gold pieces
 13844 | D:12     | Identified the +3 pair of boots of Tucaoh {rPois rF+ Regen+
                  | Str-2} (You bought it in a shop on level 12 of the Dungeon)
 13883 | D:12     | Reached skill level 9 in Armour
 13883 | D:12     | Reached XP level 12. HP: 71/71 MP: 18/18
 14231 | D:12     | Reached *** piety under Ashenzari
 14254 | D:12     | Noticed a two-headed ogre
 14257 | D:12     | Killed a two-headed ogre
 14497 | D:12     | Learned a level 8 spell: Necromutation
 14612 | D:12     | Noticed a tengu reaver
 14639 | D:12     | Noticed a tengu warrior
 14652 | D:12     | Killed a tengu reaver
 14698 | D:12     | Killed a tengu warrior
 15165 | D:13     | Reached skill level 5 in Spellcasting
 15316 | D:12     | Noticed a seven-headed hydra
 15360 | D:12     | Killed a seven-headed hydra
 15402 | D:12     | Reached skill level 10 in Armour
 15675 | D:12     | Bought a pitted plate armour for 952 gold pieces
 15685 | D:12     | Identified the +3 plate armour of Miracles {rF++ SInv} (You
                  | bought it in a shop on level 12 of the Dungeon)
 15864 | D:6      | Noticed a soul eater
 15908 | D:6      | Killed dscm's ghost
 16275 | D:7      | Reached XP level 13. HP: 78/78 MP: 20/20
 16291 | D:7      | Killed markt42's ghost
 16803 | D:13     | Reached skill level 5 in Hexes
 16923 | D:12     | Bought a scorched buckler for 323 gold pieces
 16928 | D:12     | Identified the +2 buckler of Nyzirr {*Contam rPois rN+++
                  | rCorr} (You bought it in a shop on level 12 of the Dungeon)
 17055 | D:14     | Noticed a vault guard
 17065 | D:14     | Noticed a vault guard
 17068 | D:14     | Killed a vault guard
 17088 | D:14     | Reached skill level 1 in Shields
 17102 | D:14     | Killed a vault guard
 17153 | D:14     | Found a gate to the Vaults.
 17295 | D:14     | Reached skill level 11 in Armour
 17522 | D:14     | Found a viscous altar of Jiyva.
 17594 | D:15     | Entered Level 15 of the Dungeon
 17644 | D:15     | Reached skill level 10 in Short Blades
 17788 | D:15     | Found a frozen archway.
 17827 | IceCv    | Entered an ice cave
 17947 | IceCv    | Reached **** piety under Ashenzari
 18433 | IceCv    | Gained mutation: Your large and strong wings let you fly
                  | indefinitely. [Gargoyle growth]
 18433 | IceCv    | Reached XP level 14. HP: 84/84 MP: 21/21
 18522 | IceCv    | Noticed a frost giant
 18557 | IceCv    | Killed a frost giant
 18638 | IceCv    | Identified the cursed +1 great sword "Urghion" {flame,
                  | Str+5}
 19223 | D:15     | Reached skill level 12 in Armour
 19450 | D:15     | Reached skill level 10 in Dodging
 19639 | D:15     | Found a staircase to the Depths.
 19639 | D:15     | Noticed a dire elephant
 19676 | D:15     | Killed a dire elephant
 19940 | D:15     | Identified the ring "Xeng" {*Tele rF++ rC- rN+ MR+}
 20327 | Lair:1   | Got the cursed leather armour "Ysyoveih" {rElec rC+ rN++
                  | Str-2}
 21039 | Lair:2   | Reached ***** piety under Ashenzari
 21139 | Lair:2   | Reached XP level 15. HP: 91/91 MP: 22/22
 21298 | Lair:2   | Found a shimmering altar of Xom.
 21708 | Lair:3   | Found a hole to the Spider Nest.
 21721 | Lair:3   | Reached skill level 5 in Shields
 22595 | Lair:4   | Found a staircase to the Swamp.
 23177 | Lair:4   | Reached skill level 13 in Armour
 23400 | Lair:5   | Reached skill level 10 in Fighting
 24166 | Lair:6   | Entered Level 6 of the Lair of Beasts
 24294 | Lair:6   | Found a staircase to the Slime Pits.
 24404 | Lair:6   | Got the uncursed chain mail "Waepy" {+Blink rF+ Int-3}
 24596 | Lair:6   | Reached XP level 16. HP: 97/97 MP: 23/23
 25725 | Slime:1  | Entered Level 1 of the Pits of Slime
 25727 | Slime:1  | Noticed an azure jelly
 25994 | Swamp:1  | Entered Level 1 of the Swamp
 26011 | Swamp:1  | Noticed Kirke
 26043 | Swamp:1  | Killed Kirke
 26049 | Swamp:1  | Reached ****** piety under Ashenzari
 26216 | Swamp:1  | Reached skill level 10 in Stealth
 26353 | Swamp:1  | Identified Roxanne's Volume of Shape Shifting
 26353 | Swamp:1  | Noticed Roxanne
 26392 | Swamp:1  | Killed Roxanne
 27020 | Swamp:2  | Noticed Aizul
 27059 | Swamp:2  | Killed Aizul
 27078 | Swamp:2  | Noticed a thorn hunter
 27111 | Swamp:2  | Killed a thorn hunter
 27111 | Swamp:2  | Reached skill level 14 in Armour
 27165 | Swamp:2  | Noticed a thorn hunter
 27190 | Swamp:2  | Killed a thorn hunter
 28032 | Swamp:3  | Reached XP level 17. HP: 67/104 MP: 26/26
 28649 | Swamp:3  | Reached skill level 1 in Throwing
 28916 | Swamp:4  | Entered Level 4 of the Swamp
 29243 | Swamp:4  | Identified the +6 eveningstar "Onwuongi" {elec, MR+ Int+3}
 29467 | Swamp:3  | Learned a level 6 spell: Invisibility
 29467 | Swamp:3  | Identified the cursed +0 leather armour "Ysyoveih" {rElec
                  | rC+ rN++ Str-2} (You found it on level 1 of the Lair of
                  | Beasts)
 29467 | Swamp:3  | Identified the +8 chain mail "Waepy" {+Blink rF+ Int-3}
                  | (You found it on level 6 of the Lair of Beasts)
 29969 | Swamp:4  | Noticed the 27-headed Lernaean hydra
 30273 | Lair:1   | Identified the +1 leather armour of the Cicada {-Cast +Inv
                  | Int-4 Stlth+}
 30509 | Spider:1 | Entered Level 1 of the Spider Nest
 31167 | Orc:1    | Entered Level 1 of the Orcish Mines
 31282 | Orc:2    | Entered Level 2 of the Orcish Mines
 31866 | Orc:2    | Reached skill level 15 in Armour
 31895 | Orc:2    | Reached XP level 18. HP: 110/110 MP: 28/28
 32032 | Orc:2    | Found Eggocos's Gadget Shoppe.
 32032 | Orc:2    | Found Kogiklumao's Antique Weapon Boutique.
 32033 | Orc:2    | Found Zaaclim's Weapon Shoppe.
 32033 | Orc:2    | Found Bonie's Antique Armour Shop.
 32146 | Orc:2    | Found a staircase to the Elven Halls.
 32621 | Orc:1    | Found a runed translucent door.
 32740 | Orc:1    | Found a runed translucent door.
 32751 | Orc:1    | Found the +10 large shield of Ignorance {rN+ Int-4}
 32951 | Orc:1    | Found Bishi's Antique Weapon Shop.
 33083 | Orc:2    | Bought a runed helmet for 270 gold pieces
 33146 | Elf:1    | Entered Level 1 of the Elven Halls
 34006 | Swamp:4  | Got a decaying rune of Zot
 34494 | Spider:2 | Noticed Jorgrun
 34516 | Spider:2 | Killed Jorgrun
 35217 | Spider:3 | Identified the cursed +0 shield of Etaick {rC+ Str+2}
 35217 | Spider:3 | Noticed Donald
 35267 | Spider:3 | Killed Donald
 35291 | Spider:3 | Noticed Azrael
 35299 | Spider:3 | Killed Azrael
 35355 | Spider:3 | Noticed Arachne
 35403 | Spider:3 | Killed Arachne
 35735 | Spider:4 | Entered Level 4 of the Spider Nest
 36125 | Spider:4 | Reached skill level 10 in Evocations
 36198 | Spider:4 | Reached XP level 19. HP: 69/116 MP: 9/30
 36643 | Spider:4 | Got a gossamer rune of Zot
 37012 | Slime:1  | Gained mutation: You tend to lose your temper in combat. [a
                  | shining eye]
 37031 | Lair:6   | Reached skill level 16 in Armour
 37424 | Slime:2  | Gained mutation: Your body sometimes deteriorates upon
                  | taking damage. [a shining eye]
 37426 | Slime:2  | Gained mutation: Scrolls take you a little longer to read.
                  | [a shining eye]
 38080 | Slime:2  | Gained mutation: You are dopey. (Int -2) [a shining eye]
 38087 | Slime:2  | Gained mutation: You are very dopey. (Int -4) [a shining
                  | eye]
 38095 | Slime:2  | HP: 4/117 [acid blob (20)]
 38095 | Slime:2  | Splashed by an acid blob's acid

Skill      XL: |  1  2  3  4  5  6  7  8  9 10 11 12 13 14 15 16 17 18 19 |
---------------+----------------------------------------------------------+-----
Armour         | 1 2 3 4 5 6 7 9 10 11 12 13 14 15 16 | 16.3
Short Blades   | 3 4 5 6 7 8 9 10 11 12 13 | 13.3
Dodging        | 3 4 5 6 7 8 9 10 11 12 13 | 13.4
Spellcasting   | 1 2 3 4 5 6 7 8 |  8.3
Stealth        | 3 4 5 6 7 8 9 10 | 10.0
Fighting       | 4 5 6 7 8 9 10 11 12 | 12.4
Evocations     | 2 4 5 6 7 8 9 10 | 10.0
Hexes          | 1 2 3 4 5 6 7 8 9 |  9.7
Shields        | 2 4 5 6 7 8 9 |  9.4
Throwing       | 1 |  1.6

Action                   |  1- 3 |  4- 6 |  7- 9 | 10-12 | 13-15 | 16-18 | 19-21 || total
-------------------------+-------+-------+-------+-------+-------+-------+-------++-------
Melee: Short sword       |   139 |   364 |    44 |       |       |       |       ||   547
       Rapier            |       |       |   428 |  1186 |       |       |       ||  1614
       Dagger            |       |       |       |    17 |  1854 |  3202 |   682 ||  5755
Throw: Throwing net      |       |       |       |     7 |       |     4 |       ||    11
 Cast: Confusing Touch   |       |       |       |       |    22 |     8 |     1 ||    31
Invok: Curse Item        |       |       |       |     3 |     2 |     2 |       ||     7
 Abil: Evoke Berserk Rag |       |       |       |    11 |       |     1 |     1 ||    13
       Fly               |       |       |       |       |     1 |       |       ||     1
Evoke: Wand              |       |       |       |    14 |     4 |     2 |     1 ||    21
  Use: Potion            |     6 |     2 |       |     8 |     2 |     4 |     4 ||    26
       Scroll            |       |     1 |    16 |     8 |     9 |    12 |     1 ||    47
 Stab: Sleeping          |     3 |     1 |     6 |     8 |    42 |    28 |     2 ||    90
       Held in net/web   |       |       |       |     4 |       |     5 |     2 ||    11
       Confused          |       |       |       |       |    27 |    10 |     1 ||    38
       Distracted        |       |       |       |       |     2 |     7 |     1 ||    10
  Eat: Chunk             |     1 |     9 |    15 |    37 |    27 |    30 |     3 ||   122
       Ration            |       |       |     1 |     4 |       |     3 |     2 ||    10
Armor: Robe              |     3 |       |       |       |       |       |       ||     3
       Leather armour    |    39 |    83 |    37 |       |     3 |       |       ||   162
       Skin              |    43 |     9 |       |       |       |       |       ||    52
       Ring mail         |       |       |   155 |   332 |       |       |       ||   487
       Troll leather arm |       |       |       |    59 |       |       |       ||    59
       Quicksilver drago |       |       |       |   158 |   437 |   982 |   182 ||  1759
Dodge: Dodged            |   106 |   209 |   299 |  1147 |  1121 |  2675 |   476 ||  6033
Block: Buckler           |       |       |       |       |   450 |  1376 |   261 ||  2087
